 Dungeon Crawl Stone Soup version 0.18-a0-993-g4a3b7c7 (webtiles) character file.

377 M4edhros the Sneak (level 6, -1/38 HPs)
             Began as an Octopode Artificer on Jan 4, 2016.
             Was an Initiate of Okawaru.
             Slain by a worker ant (8 damage)
             ... on level 5 of the Dungeon.
             The game lasted 00:07:30 (3435 turns).

M4edhros the Sneak (Octopode Artificer)             Turns: 3435, Time: 00:07:30

Health: -1/38      AC:  1    Str: 13    XL:     6   Next: 73%
Magic:  9/9        EV: 10    Int: 18    God:    Okawaru [......]
Gold:   336        SH:  7    Dex: 10    Spells: 0 memorised, 5 levels left

rFire  . . .     SeeInvis .     a - +0 short sword
rCold  . . .     Gourm    .     q - +0 shield
rNeg   + . .     Faith    .     (helmet restricted)
rPois  +         Spirit   .     p - amulet of resist corrosion
rElec  .         Dismiss  .     k - ring of positive energy
rCorr  +         Reflect  .     (no ring)
SustAt .         Harm     .     (no ring)
MR     .....                    (no ring)
Stlth  ++++......               (no ring)
                                (no ring)
                                (no ring)
                                (no ring)

@: lethally poisoned (-1 -> -6), flying, not resistant to hostile enchantments,
stealthy
A: almost no armour, amphibious, 8 rings, constrict 8, camouflage 1, blurry
vision 2, clever 1, clumsy 1, poison resistance, strong 1, gelatinous body 1
a: Renounce Religion


You were on level 5 of the Dungeon.
You worshipped Okawaru.
Okawaru was noncommittal.
You were not hungry.

You visited 2 branches of the dungeon, and saw 6 of its levels.

You collected 336 gold pieces.

Inventory:

Hand Weapons
 a - a +0 short sword (weapon)
 E - a +0 blowgun
Missiles
 g - 35 sling bullets
 l - 83 stones (quivered)
 F - 23 poisoned needles
Armour
 q - a +0 shield (worn)
Jewellery
 k - a ring of positive energy (left tentacle)
 p - an amulet of resist corrosion (around mantle)
Wands
 b - a wand of flame (14/48)
 c - a wand of enslavement (15/24)
 d - a wand of random effects (14/48)
Scrolls
 e - 2 scrolls of identify {unknown}
 h - 3 scrolls of remove curse {unknown}
 j - a scroll of magic mapping {unknown}
 r - 4 scrolls of recharging {unknown}
 s - a scroll of random uselessness {unknown}
 t - a scroll of blinking {unknown}
 u - a scroll of enchant weapon {unknown}
 v - a scroll of teleportation {unknown}
 y - 2 scrolls of fear {unknown}
 A - a scroll of enchant armour {unknown}
 B - a scroll of amnesia {unknown}
 C - a scroll of fog {unknown}
Potions
 m - a potion of agility {unknown}
 o - a potion of ambrosia {unknown}
 w - a potion of flight
 z - a potion of curing {unknown}
 D - a potion of poison {unknown}
Comestibles
 f - 2 bread rations
 i - a beef jerky
 n - a slice of pizza
 x - 3 fruits


   Skills:
 - Level 1.0 Fighting
 - Level 1.0 Short Blades
 * Level 4.5 Dodging
 * Level 5.3 Stealth
 * Level 1.3 Shields
 + Level 4.8 Evocations


You had 5 spell levels left.
You didn't know any spells.

Dungeon Overview and Level Annotations

Branches:
Dungeon (5/15)             Temple (1/1) D:4

Altars:
Ashenzari
Cheibriados
Elyvilon
Fedhas
Gozag
Makhleb
Okawaru
Pakellas
Qazlal
Ru
Sif Muna
Trog
Vehumet
Xom
Yredelemnul
Zin
The Shining One

Annotations:
D:5 Blork the orc


Innate Abilities, Weirdness & Mutations

You cannot wear most types of armour.
You are amphibious.
You can wear up to eight rings at the same time.
You can use your tentacles to constrict eight enemies at once.
Your skin changes colour to match your surroundings (Stealth).
Your rubbery body absorbs attacks (AC +1).
Scrolls take you longer to read.
Your mind is acute. (Int +2)
You are clumsy. (Dex -2)
Your system is resistant to poisons.
Your muscles are strong. (Str +2)


Message History

Your grab misses the giant cockroach.
Your squeeze misses the giant cockroach.
You constrict the orc wizard. You constrict the worker ant.
You feel sick. The worker ant bites you.
The orc wizard points at you and mumbles some strange words.
The magic dart hits you!
* * * LOW HITPOINT WARNING * * *
You block the giant cockroach's attack. The worker ant closely misses you.
Drink which item? (? for menu, Esc to quit)
It was a potion of flight.
You feel very buoyant.
You fly up into the air.
You constrict the orc wizard. You constrict the worker ant.
You feel sick.
The orc wizard hits you with an enchanted dagger.
* * * LOW HITPOINT WARNING * * *
The giant cockroach bites you.
* * * LOW HITPOINT WARNING * * *
The worker ant bites you!
You die...
Xom chortles!

. #.### ..# .###
...# .. ... ...#
.. ... #..# . #.#
#..# #.#.#
######..# #o#.###
[........ #.sa..#
.######..# ###@#.#
.......... #o#.#
#######..#
#o#.###########..#
..#....<.........#
###############.##
#.## ##.## #....
#..##


You could see Blork the orc, a worker ant, an orc wizard, an orc and a giant
cockroach.

Vanquished Creatures
  2 hounds (D:4)
  A giant frog skeleton (D:4)
  Terence (D:3)
  An iguana (D:4)
  3 worker ants (D:4)
  2 hound skeletons (D:4)
  6 adders
  An adder skeleton (D:4)
  An adder zombie (D:4)
  5 worms
  2 giant geckos
  3 orcs (D:5)
  8 bats
  2 giant cockroaches
  7 goblins
  8 hobgoblins
  4 jackals (D:2)
  7 kobolds
  A quokka (D:2)
  4 giant newts
  A quokka skeleton (D:5)
  9 rats
79 creatures vanquished.

Notes
Turn   | Place    | Note
--------------------------------------------------------------
     0 | D:1      | M4edhros the Octopode Artificer began the quest for the Orb.
     0 | D:1      | Reached XP level 1. HP: 13/13 MP: 3/3
   117 | D:1      | Reached XP level 2. HP: 16/18 MP: 4/4
   766 | D:2      | Reached XP level 3. HP: 11/23 MP: 5/5
  1012 | D:3      | Noticed Terence
  1024 | D:3      | Killed Terence
  1100 | D:4      | Reached XP level 4. HP: 18/28 MP: 6/6
  1120 | D:4      | Reached skill level 4 in Stealth
  1237 | D:4      | Found a staircase to the Ecumenical Temple.
  1247 | D:4      | Reached XP level 5. HP: 21/33 MP: 6/8
  1252 | Temple   | Entered the Ecumenical Temple
  1276 | Temple   | Became a worshipper of Xom the Psychopath
  1295 | Temple   | Fell from the grace of Xom
  1295 | Temple   | Became a worshipper of Warmaster Okawaru
  1710 | D:1      | XOM: mild Tloc miscast
  1732 | D:1      | XOM: give mutations
  1732 | D:1      | Gained mutation: Scrolls take you a little longer to read. [Xom's mischief]
  1732 | D:1      | Gained mutation: Your system is resistant to poisons. [Xom's mischief]
  1732 | D:1      | Gained mutation: You are clumsy. (Dex -2) [Xom's mischief]
  1732 | D:1      | Lost mutation: You are clumsy. (Dex -2) [Xom's mischief]
  1955 | D:2      | XOM: medium Ice miscast
  2206 | D:2      | Found a blossoming altar of Fedhas.
  2229 | D:2      | XOM: medium Trmt miscast
  2645 | D:4      | Reached XP level 6. HP: 32/38 MP: 9/9
  2843 | D:4      | Reached skill level 5 in Stealth
  2856 | D:4      | XOM: give mutations
  2856 | D:4      | Gained mutation: Your muscles are strong. (Str +2) [Xom's mischief]
  2856 | D:4      | Gained mutation: Scrolls take you longer to read. [Xom's mischief]
  2856 | D:4      | Gained mutation: Your mind is acute. (Int +2) [Xom's mischief]
  2856 | D:4      | Gained mutation: You are clumsy. (Dex -2) [Xom's mischief]
  3046 | D:4      | Noticed a phantom
  3237 | D:4      | Reached skill level 1 in Shields
  3373 | D:5      | Entered Level 5 of the Dungeon
  3431 | D:5      | Noticed Blork the orc
  3435 | D:5      | Slain by a worker ant

Vault maps used:
D:1:      dpeg_arrival_fog
D:2:      fedhas_altar_2
D:3:      uniq_terence
D:4:      temple_fountains
D:5:      first_bread, uniq_blork_the_orc, uniq_sigmund, uniq_grinder,
          uniq_crazy_yiuf_cottage
Temple:   lightli_temple_of_artemis

Action                   |  1- 3 |  4- 6 || total
-------------------------+-------+-------++-------
Melee: Short sword       |    53 |   112 ||   165
Evoke: Wand              |     2 |       ||     2
  Use: Potion            |       |     1 ||     1
 Stab: Sleeping          |     7 |    21 ||    28
       Distracted        |       |     1 ||     1
  Eat: Chunk             |       |     4 ||     4
       Meat ration       |       |     1 ||     1
